 Dungeon Crawl Stone Soup version 0.30-a0-840-ga523dec638 (webtiles) character file.

Game seed: 2996810985041114760

46 xian the Digger (level 3, 0/24 HPs)
             Began as a Demonspawn Earth Elementalist on Mar 2, 2023.
             Constricted to death by Ijyb (7 damage)
             ... on level 2 of the Dungeon.
             The game lasted 00:04:35 (2040 turns).

xian the Digger (Demonspawn Earth Elementalist)     Turns: 2040, Time: 00:04:36

Health: 0/24       AC:  5    Str: 11    XL:     3   Next: 44%
Magic:  0/7        EV:  8    Int: 20    God:
Gold:   76         SH:  0    Dex: 13    Spells: 1/7 levels left

rFire   . . .      SeeInvis .    n - +0 dagger of the Ass {freeze, Will- Str+3 Int+2}
rCold   . . .      Faith    .    (no shield)
rNeg    . . .      Spirit   .    k - +0 leather armour
rPois   .          Reflect  .    d - +0 helmet
rElec   .          Harm     .    i - scarf {+Inv}
rCorr   .          Rampage  .    (no gloves)
Will    .....                    j - +0 pair of boots
Stlth   ++                       (no amulet)
HPRegen 0.24/turn                (no ring)
MPRegen 0.10/turn                (no ring)

@: grasped by roots, constricted
A: foul stench 1, powered by death 1
a: Evoke Invisibility


You were on level 2 of the Dungeon.
You visited 1 branch of the dungeon, and saw 3 of its levels.

You collected 76 gold pieces.

Inventory:

Hand Weapons
 e - a +2 spear of distortion
 n - the +0 dagger of the Ass (weapon) {freeze, Will- Str+3 Int+2}
   (You found it on level 2 of the Dungeon)

   Str:       It affects your strength (+3).
   Int:       It affects your intelligence (+2).
   Will:      It decreases your willpower.
Missiles
 h - 32 stones
 l - a throwing net
Armour
 d - a +0 helmet (worn)
 i - a scarf of invisibility (worn)
 j - a +0 pair of boots (worn)
 k - a +0 leather armour (worn)
Scrolls
 f - 2 scrolls of enchant weapon {unknown}
 g - 5 scrolls of identify {unknown}
 o - a scroll of amnesia {unknown}
 p - a scroll of fog {unknown}
 q - a scroll of noise {unknown}
 r - a scroll of silence {unknown}
 s - a scroll of fear {unknown}
 t - a scroll of butterflies {unknown}
Potions
 a - a potion of heal wounds {unknown}
 b - a potion of magic
 c - 2 potions of curing {unknown}
 m - a potion of haste {unknown}


   Skills:
 + Level 0.2 Fighting
 + Level 0.2 Armour
 + Level 2.1 Dodging
 + Level 1.9 Stealth
 + Level 2.7 Spellcasting
 * Level 0.1 Conjurations
 + Level 0.8 Transmutations
 + Level 3.1 Earth Magic


You had one spell level left.
You knew the following spells:

 Your Spells              Type           Power      Damage    Failure   Level
a - Sandblast             Erth           30%        2d9       5%          1
b - Passwall              Tmut/Erth      8%         N/A       13%         2
c - Stone Arrow           Conj/Erth      18%        3d8       28%         3

Your spell library contained the following spells:

 Spells                   Type           Power      Damage    Failure   Level
 Petrify                  Tmut/Erth      10%        N/A       63%         4


Dungeon Overview and Level Annotations

Branches:
Dungeon (3/15)

Altars:

Annotations:
D:2 Ijyb


Innate Abilities, Weirdness & Mutations

You may rarely emit foul miasma when damaged in melee.
You regenerate a little health from kills.


Message History

Ijyb is moderately wounded.
Ijyb hits you with a +0 club. Ijyb closely misses you.
The blast of sand hits Ijyb but does no damage.
Ijyb is moderately wounded.
Ijyb hits you with a +0 club.
The blast of sand hits Ijyb.
Ijyb is moderately wounded.
Ijyb zaps a wand.
The roots erupt in riotous growth!
The grasping roots grab you!
Ijyb is unaffected.
The grasping roots constrict you. Ijyb hits you with a +0 club.
The grasping roots constrict you.
Unknown command.
Okay, then.
Unknown command.
The roots grasp on you weakens, but your attempt to escape fails.
Ijyb hits you with a +0 club. The grasping roots constrict you.
You escape the roots grasp.
Ijyb attacks as you move away! Ijyb barely misses you.
Ijyb attacks as you move away! Ijyb misses you.
There is an escape hatch in the ceiling here.
Ijyb barely misses you. A mysterious force pulls you upwards.
The hatch slams shut behind you.
Okay, then.
Casting: Sandblast (safe; 5% risk of failure)
Confirm with . or Enter, or press ? or * to list all spells.
The spell is extremely dangerous to miscast (28% risk of failure)!
Continue anyway?
Aiming: Stone Arrow (extremely dangerous; 28% risk of failure)
Press: ? - help, Shift-Dir - straight line, f - Ijyb
Aim: Ijyb, wielding a +0 club, wearing a +0 ring mail and carrying a wand of roots (5) (moderately wounded, 60% to hit)
The stone arrow hits Ijyb!
Ijyb is almost dead.
Ijyb zaps a wand.
The roots erupt in riotous growth!
The grasping roots grab you!
Ijyb is unaffected.
The grasping roots constrict you.
* * * LOW HITPOINT WARNING * * *
Unknown command.
You closely miss Ijyb.
Ijyb is almost dead.
Ijyb barely misses you. The grasping roots constrict you!
You die...

####.#.#<...)...........#........
.......#.########..#....#.#.#..##
#####....# #.##....#.#.#...<
#.....#.########.##....#.#.#...#
##.###.#.#..............#.#.#####
.....#.#.#.######.##......#.#8###
##...#.#.#.#####..##.##..........
#####.#.........g.#.............
#.#..#####.@#.########......
#.#......>.##.# #.#8##.
#.###########.# #.####.
######.###########.# #.# #⌠.
.................#.# #.# ##.
######.#########.#.# #.# #.
.......# #.#.# #.# #. ########
#.#.# #.# #8. #.#.# #.# ##.


You could see Ijyb.

Vanquished Creatures
  2 dart slugs (D:1)
  An orc (D:3)
  4 ball pythons
  3 bats
  3 giant cockroaches
  3 goblins
  3 hobgoblins (D:2)
  A quokka (D:1)
  8 frilled lizards
  8 kobolds
  4 rats
40 creatures vanquished.

Notes
Turn   | Place    | Note
-------+----------+-------------------------------------------
     0 | D:1      | xian the Demonspawn Earth Elementalist began the quest for
                  | the Orb.
     0 | D:1      | Reached XP level 1. HP: 13/13 MP: 3/3
   150 | D:1      | Gained mutation: You regenerate a little health from kills.
                  | [demonic ancestry]
   150 | D:1      | Reached XP level 2. HP: 15/19 MP: 0/5
   305 | D:1      | Found a faded altar of an unknown god.
   468 | D:1      | Reached skill level 3 in Earth Magic
   702 | D:1      | Learned a level 2 spell: Passwall
   740 | D:2      | Identified the +0 dagger of the Ass {freeze, Will- Str+3
                  | Int+2}
   959 | D:2      | Gained mutation: You may rarely emit foul miasma when
                  | damaged in melee. [demonic ancestry]
   959 | D:2      | Reached XP level 3. HP: 24/24 MP: 4/6
  1183 | D:2      | Learned a level 3 spell: Stone Arrow
  2020 | D:3      | Noticed Ijyb
  2040 | D:2      | Constricted to death by Ijyb

Illustrated notes

Levels and vault maps discovered:
D:1:      roderic_chinese_lattice_arrival, layout_rooms,
          hellmonk_ecumenical_altar_heavens_door
D:2:      layout_basic, serial_corexii_hall, corexii_hall_statues_i,
          corexii_hall_statues_i, corexii_hall_statues_deadend,
          chequers_hall_statues_wall_a, corexii_hall_statues_s,
          corexii_hall_statues_l, minmay_lizard_pond
D:3:      layout_basic, grunt_temple_overflow_open, serial_shops, shop,
          uniq_ijyb

Skill      XL: |  1  2 |
---------------+-------+-----
Dodging        | 2 |  2.1
Earth Magic    | 3 |  3.1
Fighting       | |  0.2
Armour         | |  0.2
Stealth        | |  1.9
Spellcasting   | |  2.7
Conjurations   | |  0.1
Transmutations | |  0.8

Action                     || total
---------------------------++-------
  Melee: Short sword       ||    17
         Dagger            ||    20
   Cast: Sandblast         ||    41
         Stone Arrow       ||     1
 Armour: Robe              ||    11
         Leather armour    ||     4
  Dodge: Dodged            ||    34

Table legend: (Time is in decaauts)
 A = Elapsed time spent in this place.
 B = Non-inter-level travel time spent in this place.
 C = Inter-level travel time spent in this place.
 D = Time resting spent in this place.
 E = Time spent auto-exploring this place.
 F = Levels seen in this place.
 G = Mean time per level.
                   A        B        C        D        E       F      G
               +--------+--------+--------+--------+--------+-----+--------+
         Total |   2058 |   2019 |     39 |      0 |   1542 |   3 |  686.0 |
       Dungeon |   2058 |   2019 |     39 |      0 |   1542 |   3 |  686.0 |
               +--------+--------+--------+--------+--------+-----+--------+

Top non-repeatable levels by time:
     D:2: 1183 daAuts
     D:1: 714 daAuts
     D:3: 160 daAuts
